 Dungeon Crawl Stone Soup version 0.14-a0-1474-g1105da3 (webtiles) character file.

1548 HollowCharge the Slasher (level 8, -6/51 (54) HPs)
             Began as a High Elf Skald on Dec 14, 2013.
             Mangled by a centaur (8 damage)
             ... on Level 6 of the Dungeon on Dec 15, 2013.
             The game lasted 00:59:38 (6876 turns).

HollowCharge the Slasher (High Elf Skald)           Turns: 6876, Time: 00:59:38

HP  -6/51 (54)   AC  7     Str 13      XL: 8   Next: 22%
MP  20/21        EV  9     Int 17      God:
Gold 334         SH  0     Dex 14      Spells:  5 memorised,  4 levels left

rFire  . . .     SeeInvis +     a - +1,+0 elf falchion
rCold  . . .     Clarity  .     l - +2 ring mail "Zotzuyg" {rElec rN+}
rNeg   + . .     Conserve .     (no shield)
rPois  .         rCorr    .     (no helmet)
rElec  +         rRot     .     (no cloak)
SustAb . .       Spirit   .     (no gloves)
rMut   .         Warding  .     (no boots)
Saprov . . .     Stasis   .     (no amulet)
                                (no ring)
                                q - ring of see invisible

@: somewhat resistant to hostile enchantments, extremely unstealthy
A: hooves 1
a: no special abilities


You were on level 6 of the Dungeon.
You were not hungry.

You visited 1 branch of the dungeon, and saw 6 of its levels.

You collected 334 gold pieces.

Inventory:

Hand weapons
 a - a +1,+0 elven falchion (weapon)
Armour
 b - a +0 elven leather armour
 k - a +0 ring mail
 l - the +2 ring mail "Zotzuyg" (worn) {rElec rN+}
   (You found it on level 6 of the Dungeon)

   It insulates you from electricity.
   It protects you from negative energy.
Comestibles
 d - 2 bread rations
 j - a cheese
 s - 2 meat rations
Scrolls
 e - 2 scrolls of enchant weapon I
 g - a scroll of remove curse
 o - 4 scrolls of identify
 p - a scroll of fear
 x - 2 scrolls of enchant armour
Jewellery
 q - a ring of see invisible (left hand)
Potions
 f - a potion of restore abilities
 h - a potion of might
 v - a potion of agility
Books
 c - a book of Battle

   Spells                             Type                      Level
   *Infusion                          Charms                       1
   *Shroud of Golubria                Charms/Translocation         2
   *Song of Slaying                   Charms                       2
   *Spectral Weapon                   Hexes/Charms                 3
   *Regeneration                      Charms/Necromancy            3
Magical staves
 i - an uncursed staff of energy {unknown}


   Skills:
 + Level 4.0 Fighting
 * Level 6.6 Long Blades
 + Level 3.1 Armour
 + Level 3.6 Dodging
 + Level 4.4 Spellcasting
 * Level 6.6 Charms


You had 4 spell levels left.
You knew the following spells:

 Your Spells              Type           Power        Failure   Level  Hunger
a - Infusion              Chrm           ####..       1%          1    None
b - Song of Slaying       Chrm           ####....     1%          2    #......
c - Shroud of Golubria    Chrm/Tloc      ###.......   10%         2    #......
d - Regeneration          Chrm/Necr      ###.......   17%         3    ###....
e - Spectral Weapon       Hex/Chrm       ###.....     17%         3    ###....


Dungeon Overview and Level Annotations

Branches:
Dungeon (6/16)
 Temple: D:4-7

Altars:
Fedhas
Nemelex Xobeh


Innate Abilities, Weirdness & Mutations

You have large cloven feet.


Message History

The centaur closely misses you. The centaur hits you!
* * * LOW HITPOINT WARNING * * *
You hit the centaur. You kick the centaur, but do no damage.
The centaur is severely wounded.
The centaur hits you!
* * * LOW HITPOINT WARNING * * *
You feel better. The centaur hits you.
* * * LOW HITPOINT WARNING * * *
The centaur hits you.
* * * LOW HITPOINT WARNING * * *
You hit the centaur but do no damage. You kick the centaur, but do no damage.
The centaur is severely wounded.
The centaur hits you.
* * * LOW HITPOINT WARNING * * *
Casting: Infusion
Confirm with . or Enter, or press ? or * to list all spells.
Your attacks are magically infused.
The centaur hits you.
* * * LOW HITPOINT WARNING * * *
The centaur hits you!
You die...

######## ####......# ###
##(.'......# .)#
##..##......#
..###..###......#
..##..## #......#
############## .....##
#......####.........)...
..####
#>....c@.(..############
### #......###### #
#......# # ##....## #
####.#### # #.......# #
# #...%...############ #
# #.......%.#.........#
# #
#.......#.#.........+


You could see a centaur.

Vanquished Creatures
  Grinder (D:5)
  A necrophage (D:6)
  A black bear (D:6)
  A centaur (D:5)
  Sigmund (D:3)
  A hippogriff skeleton (D:6)
  2 crimson imps
  2 hounds
  A jelly (D:6)
  An orc priest (D:6)
  A scorpion (D:5)
  3 iguanas
  4 worker ants
  Ijyb (D:3)
  A hound skeleton (D:6)
  11 adders
  An inept item mimic (D:6)
  An inept feature mimic (D:6)
  A giant mite (D:4)
  A worm (D:5)
  2 giant eyeballs
  2 giant geckos
  3 orcs (D:6)
  2 ball pythons
  12 bats
  4 giant cockroaches
  9 goblins
  14 hobgoblins
  4 kobolds
  4 giant newts
  2 jackals (D:6)
  A quokka (D:2)
  11 rats
107 creatures vanquished.

Notes
Turn   | Place    | Note
--------------------------------------------------------------
     0 | D:1      | HollowCharge, the High Elf Skald, began the quest for the Orb.
     0 | D:1      | Reached XP level 1. HP: 14/14 MP: 4/4
    73 | D:1      | Found a sparkling altar of Nemelex Xobeh.
   190 | D:1      | Reached skill level 1 in Armour
   367 | D:1      | Reached XP level 2. HP: 17/19 MP: 6/6
   892 | D:2      | Learned a level 2 spell: Song of Slaying
   896 | D:2      | Learned a level 2 spell: Shroud of Golubria
  1007 | D:2      | Reached XP level 3. HP: 20/24 MP: 8/8
  1036 | D:2      | Reached skill level 4 in Charms
  1536 | D:2      | Reached XP level 4. HP: 21/30 MP: 11/11
  1887 | D:3      | Noticed Sigmund
  1904 | D:3      | Killed Sigmund
  1904 | D:3      | Reached XP level 5. HP: 18/35 MP: 11/14
  2155 | D:3      | Noticed Ijyb
  2178 | D:3      | Killed Ijyb
  3613 | D:4      | Gained mutation: You have large cloven feet. [potion of beneficial mutation]
  3791 | D:4      | Paralysed by a giant eyeball for 4 turns
  3906 | D:4      | Reached XP level 6. HP: 37/41 MP: 12/17
  4326 | D:5      | Entered Level 5 of the Dungeon
  4334 | D:5      | Reached skill level 5 in Charms
  4368 | D:5      | Learned a level 3 spell: Regeneration
  4372 | D:5      | Learned a level 3 spell: Spectral Weapon
  4423 | D:5      | Noticed Grinder
  4430 | D:5      | Paralysed by Grinder for 7 turns
  4440 | D:5      | Killed Grinder
  4440 | D:5      | Reached skill level 5 in Long Blades
  4440 | D:5      | Reached XP level 7. HP: 19/46 MP: 15/19
  4688 | D:5      | Found a blossoming altar of Fedhas.
  5571 | D:6      | Reached skill level 6 in Long Blades
  5761 | D:6      | Found a staircase to the Ecumenical Temple.
  5768 | D:6      | the staircase to the Ecumenical Temple was a mimic.
  6057 | D:6      | Reached XP level 8. HP: 30/52 MP: 14/21
  6130 | D:6      | Paralysed by a giant eyeball for 3 turns
  6171 | D:6      | Got a faintly glowing ring mail
  6184 | D:6      | Identified the +2 ring mail "Zotzuyg" {rElec rN+} (You found it on level 6 of the Dungeon)
  6876 | D:6      | HP: 2/51 [centaur (3)]
  6876 | D:6      | Mangled by a centaur

Action                   |  1- 3 |  4- 6 |  7- 9 || total
-------------------------+-------+-------+-------++-------
Melee: Falchion          |   109 |   160 |   165 ||   434
 Cast: Infusion          |     8 |    13 |    14 ||    35
       Shroud of Golubri |       |     2 |     2 ||     4
       Regeneration      |       |       |     1 ||     1
  Use: Scroll            |     8 |     8 |     2 ||    18
       Potion            |     4 |     6 |     3 ||    13
